 Dungeon Crawl Stone Soup version 0.17.1-3-g152610e (webtiles) character file.

12560 Jerry the Blocker (level 12, -20/86 HPs)
             Began as a Formicid Fighter on Mar 8, 2016.
             Was the Champion of Cheibriados.
             Demolished by a hill giant
             ... wielding a +0 giant club
              (32 damage)
             ... on level 11 of the Dungeon.
             The game lasted 01:25:26 (11445 turns).

Jerry the Blocker (Formicid Fighter)               Turns: 11445, Time: 01:25:27

Health: -20/86     AC: 13    Str: 47    XL:     12   Next: 21%
Magic:  10/17      EV: 11    Int: 23    God:    Cheibriados [******]
Gold:   665        SH: 17    Dex: 25    Spells: 0 memorised, 11 levels left

rFire  . . .     SeeInvis +     w - +5 war axe (flame)
rCold  + . .     Clarity  +     A - +2 leather armour {rPois}
rNeg   . . .     SustAt   .     c - +0 shield
rPois  +         Gourm    .     (helmet unavailable)
rElec  .         Spirit   .     I - +0 cloak
rCorr  .         Warding  .     k - +0 pair of gloves
rMut   .         Stasis   +     (no boots)
MR     +....                    (no amulet)
Stlth  ++++......               y - +5 ring of strength
                                F - ring of protection from cold

@: very slow, somewhat resistant to hostile enchantments, stealthy
A: permanent stasis, dig shafts and tunnels, four strong arms, antennae 3, rough
black scales 1, camouflage 1, blurry vision 1, breathe flames 1, clarity, strong
1, evolution 2
a: Dig, Shaft Self, Bend Time, Temporal Distortion, Slouch, Step From Time,
Renounce Religion, Breathe Fire


You were on level 11 of the Dungeon.
You worshipped Cheibriados.
Cheibriados was exalted by your worship.
You were hungry.

You visited 2 branches of the dungeon, and saw 12 of its levels.
You also visited: Sewer.

You collected 665 gold pieces.

Inventory:

Hand Weapons
 w - a +5 war axe of flaming (weapon)
 M - a cursed +3 battleaxe
Missiles
 H - 17 tomahawks (quivered)
Armour
 a - a troll hide
 c - a +0 shield (worn)
 k - a +0 pair of gloves (worn)
 A - a +2 leather armour of poison resistance (worn)
 I - a +0 cloak (worn)
Jewellery
 m - an uncursed ring of fire
 y - a +5 ring of strength (right hand)
 F - a ring of protection from cold (left hand)
 V - an uncursed ring of protection from cold
Wands
 n - a wand of disintegration (20)
 p - a wand of polymorph (16)
 v - a wand of digging (12)
 P - a wand of slowing (27)
 U - a wand of fireball (12)
Scrolls
 g - 4 scrolls of recharging
 i - 3 scrolls of identify
 j - 6 scrolls of fog
 t - 4 scrolls of remove curse
 L - a scroll of magic mapping
 O - a scroll of fear
 W - a scroll of acquirement {unknown}
Potions
 b - 2 potions of brilliance {unknown}
 d - a potion of might
 f - 8 potions of curing
 q - a potion of poison {unknown}
 r - a potion of cure mutation {unknown}
 u - 2 potions of heal wounds
 B - 2 potions of lignification
 E - a potion of flight {unknown}
 G - a potion of ambrosia {unknown}
 Q - a potion of agility {unknown}
 R - a potion of resistance {unknown}
 T - a potion of mutation {unknown}
Books
 h - a book of Party Tricks

   Spells                             Type                      Level
   a - Summon Butterflies             Summoning                    1
   b - Apportation                    Translocation                1
   c - Tukima's Dance                 Hexes                        3
   d - Alistair's Intoxication        Transmutation/Poison         4
   e - Invisibility                   Hexes                        6
 z - a book of the Dragon

   Spells                             Type                      Level
   a - Flame Tongue                   Conjuration/Fire             1
   b - Cause Fear                     Hexes                        4
   c - Bolt of Fire                   Conjuration/Fire             6
   d - Dragon Form                    Transmutation                7
   e - Dragon's Call                  Summoning                    9
 J - a book of Maledictions

   Spells                             Type                      Level
   a - Corona                         Hexes                        1
   b - Ensorcelled Hibernation        Hexes/Ice                    2
   c - Confuse                        Hexes                        3
   d - Tukima's Dance                 Hexes                        3
   e - Dazzling Spray                 Conjuration/Hexes            3
 K - a book of Conjurations

   Spells                             Type                      Level
   a - Magic Dart                     Conjuration                  1
   b - Searing Ray                    Conjuration                  2
   c - Dazzling Spray                 Conjuration/Hexes            3
   d - Fulminant Prism                Conjuration/Hexes            4
   e - Iskenderun's Mystic Blast      Conjuration                  4
   f - Iskenderun's Battlesphere      Conjuration/Charms           5
 N - a book of Ice

   Spells                             Type                      Level
   a - Ice Form                       Ice/Transmutation            4
   b - Metabolic Englaciation         Hexes/Ice                    5
   c - Ozocubu's Refrigeration        Ice                          6
   d - Bolt of Cold                   Conjuration/Ice              6
   e - Freezing Cloud                 Conjuration/Ice/Air          6
   f - Simulacrum                     Ice/Necromancy               6
 S - a book of Beasts

   Spells                             Type                      Level
   a - Summon Butterflies             Summoning                    1
   b - Call Canine Familiar           Summoning                    3
   c - Summon Ice Beast               Ice/Summoning                4
   d - Summon Mana Viper              Hexes/Summoning              5
   e - Summon Hydra                   Summoning                    7
Miscellaneous
 C - a stone of tremors
Comestibles
 e - 8 bread rations
 l - 4 chunks of flesh
 o - 3 beef jerkies
 s - a slice of pizza
 x - 11 meat rations
 D - 2 royal jellies


   Skills:
 + Level 5.4 Fighting
 + Level 10.1 Axes
 + Level 11.3 Armour
 - Level 3.0 Stealth
 + Level 12.1 Shields
 - Level 7.2 Invocations


You had 11 spell levels left.
You didn't know any spells.

Dungeon Overview and Level Annotations

Branches:
Dungeon (11/15)            Temple (1/1) D:6            Lair (0/8) D:11
    Orc (0/4) D:11

Altars:
Ashenzari
Cheibriados
Elyvilon
Fedhas
Gozag
Kikubaaqudgha
Makhleb
Nemelex Xobeh
Okawaru
Qazlal
Ru
Sif Muna
Trog
Vehumet
Xom
Yredelemnul
Zin
The Shining One


Innate Abilities, Weirdness & Mutations

You are under a permanent stasis effect.
You can dig through walls and to a lower floor.
Your four strong arms can wield two-handed weapons with a shield.
You have a pair of large antennae on your head (SInv).
You are partially covered in rough black scales (AC +4, Dex -1).
Your skin changes colour to match your surroundings (Stealth).
Scrolls take you a little longer to read.
You can breathe flames.
You possess an exceptional clarity of mind.
Your muscles are strong. (Str +2)
You rapidly evolve.


Message History

Cheibriados rebukes the yak.
The yak seems to slow down.
Cheibriados rebukes the hill giant.
The hill giant seems to slow down.
Cheibriados rebukes the yak.
The yak seems to slow down.
You are feeling hungry.
The yak gores you but does no damage. You block the yak's attack.
You hit the hill giant. You burn the hill giant.
The hill giant is almost dead.
You hit the yak. You burn the yak.
The yak is lightly wounded.
You hit the yak. You burn the yak.
The yak is lightly wounded.
You slash the yak! You burn the yak.
The yak is severely wounded.
The yak gores you.
* * * LOW HITPOINT WARNING * * *
The hill giant hits you with a giant club!!
You die...

#######...............
................#####.
.........#####..#
########.# #..#
#.#####..###
#...........
#....>....Y(
#.Y.......#
#@C...♣≈..#
######YY....♣≈.#
............≈..#
............♣....
............♣≈...
######......(...
#......([...
#............
#............


You could see a hill giant and 3 yaks.

Vanquished Creatures
  Gastronok (D:8)
  Urug (D:11)
  A hill giant (D:10)
  An ugly thing (D:11)
  3 trolls
  A merfolk (D:9)
  A two-headed ogre (D:9)
  A deep elf fighter (D:11)
  A basilisk (D:11)
  4 yaks (D:11)
  5 hungry ghosts
  A steam dragon (D:11)
  A soldier ant (D:11)
  A mottled dragon (D:8)
  Edmund (D:4)
  2 hippogriffs
  2 water moccasins
  4 orc warriors
  3 ice beasts
  2 sky beasts
  Duvessa (D:7)
  A black bear (D:11)
  5 ogres
  2 crocodiles
  3 phantoms
  6 centaurs
  13 giant frogs
  A big kobold (D:11)
  Dowan (D:7)
  A wyvern zombie (D:9)
  4 killer bees (D:10)
  9 wights
  5 crimson imps
  5 hounds
  2 giant frog skeletons (D:8)
  3 giant frog zombies
  6 orc priests
  4 jellies
  2 centaur skeletons
  4 iguanas
  9 orc wizards
  2 killer bee zombies
  9 worker ants
  2 hound skeletons
  2 hound zombies
  4 worker ant zombies
  26 adders
  8 gnolls
  2 river rats (D:11)
  9 oozes
  2 adder skeletons
  7 worms
  43 orcs
  12 ball pythons
  13 bats
  20 giant cockroaches
  7 goblins
  5 hobgoblins
  18 jackals
  15 kobolds
  10 giant geckos
  19 giant newts
  3 jackal skeletons
  3 quokkas
  A quokka skeleton (D:6)
  20 rats
  8 fungi (D:11)
  4 plants (D:11)
398 creatures vanquished.

Vanquished Creatures (others)
  A fungus (D:11)
1 creature vanquished.

Grand Total: 399 creatures vanquished

Notes
Turn   | Place    | Note
--------------------------------------------------------------
     0 | D:1      | Jerry the Formicid Fighter began the quest for the Orb.
     0 | D:1      | Reached XP level 1. HP: 18/18 MP: 1/1
   259 | D:1      | Reached XP level 2. HP: 18/24 MP: 2/2
   684 | D:2      | Reached skill level 4 in Shields
   684 | D:2      | Reached XP level 3. HP: 25/29 MP: 3/3
   875 | D:2      | Found a snail-covered altar of Cheibriados.
   889 | D:2      | Became a worshipper of Cheibriados the Contemplative
  1163 | D:2      | Reached XP level 4. HP: 24/35 MP: 4/4
  1500 | D:2      | Found a deep blue altar of Sif Muna.
  1585 | D:2      | Reached * piety under Cheibriados
  1743 | D:3      | Found an iron altar of Okawaru.
  1874 | D:3      | Found a bloodstained altar of Trog.
  2172 | D:3      | Reached XP level 5. HP: 36/41 MP: 5/5
  2178 | D:3      | Found a blossoming altar of Fedhas.
  2184 | D:3      | Found a shattered altar of Ashenzari.
  2184 | D:3      | Found a glowing golden altar of the Shining One.
  2252 | D:3      | Reached skill level 5 in Shields
  2304 | D:3      | Reached ** piety under Cheibriados
  2672 | D:4      | Noticed an ogre
  2676 | D:4      | Reached XP level 6. HP: 43/47 MP: 6/6
  2688 | D:4      | Killed an ogre
  2688 | D:4      | Reached skill level 5 in Armour
  2967 | D:4      | Noticed Edmund
  3001 | D:4      | Killed Edmund
  3001 | D:4      | Reached skill level 6 in Shields
  3001 | D:4      | Reached XP level 7. HP: 29/52 MP: 2/7
  4109 | D:5      | Entered Level 5 of the Dungeon
  4151 | D:5      | Reached *** piety under Cheibriados
  4151 | D:5      | Reached skill level 5 in Axes
  4262 | D:5      | Reached XP level 8. HP: 46/58 MP: 8/8
  4363 | D:5      | Found a sparkling altar of Nemelex Xobeh.
  4403 | D:5      | Reached skill level 7 in Shields
  5280 | D:6      | Found a glowing drain.
  5321 | Sewer    | Entered a sewer
  5450 | Sewer    | Reached **** piety under Cheibriados
  5592 | Sewer    | Reached skill level 8 in Shields
  5592 | Sewer    | Reached XP level 9. HP: 64/64 MP: 9/9
  5626 | Sewer    | Reached ***** piety under Cheibriados
  5793 | D:6      | Found a staircase to the Ecumenical Temple.
  5803 | Temple   | Entered the Ecumenical Temple
  6077 | D:6      | Found a glowing silver altar of Zin.
  6479 | D:7      | Reached skill level 9 in Shields
  6534 | D:7      | Found a white marble altar of Elyvilon.
  6557 | D:7      | Noticed Duvessa
  6559 | D:7      | Noticed Dowan
  6571 | D:7      | Killed Duvessa
  6590 | D:7      | Killed Dowan
  6646 | D:7      | Found a radiant altar of Vehumet.
  6817 | D:7      | Found a basalt altar of Yredelemnul.
  7129 | D:8      | Reached skill level 1 in Invocations
  7489 | D:8      | Reached XP level 10. HP: 31/70 MP: 7/11
  7508 | D:8      | Gained mutation: You possess an exceptional clarity of mind. [mutagenic meat]
  7509 | D:8      | Gained mutation: Your skin changes colour to match your surroundings (Stealth). [mutagenic meat]
  7510 | D:8      | Gained mutation: Scrolls take you a little longer to read. [mutagenic meat]
  7511 | D:8      | Gained mutation: You can breathe flames. [mutagenic meat]
  7512 | D:8      | Gained mutation: You evolve. [mutagenic meat]
  7513 | D:8      | Gained mutation: You are partially covered in rough black scales (AC +4, Dex -1). [mutagenic meat]
  7729 | D:8      | Noticed Gastronok
  8100 | D:8      | Reached skill level 10 in Shields
  8429 | D:8      | HP: 1/70 [Gastronok (16)]
  8431 | D:8      | Killed Gastronok
  8431 | D:8      | Reached skill level 10 in Armour
  8431 | D:8      | Reached skill level 5 in Invocations
  8431 | D:8      | Reached XP level 11. HP: 2/75 MP: 4/15
  8996 | D:8      | Found a sacrificial altar of Ru.
  9205 | D:8      | Reached skill level 11 in Shields
  9413 | D:9      | Reached skill level 1 in Stealth
  9727 | D:9      | Gained mutation: Your muscles are strong. (Str +2) [evolution]
 10036 | D:10     | Entered Level 10 of the Dungeon
 10142 | D:10     | Reached ****** piety under Cheibriados
 10642 | D:11     | Noticed Urug
 10704 | D:10     | Noticed a hill giant
 10712 | D:10     | Killed a hill giant
 10765 | D:11     | Killed Urug
 11093 | D:11     | Found a staircase to the Lair.
 11099 | D:11     | Reached XP level 12. HP: 82/85 MP: 13/17
 11174 | D:11     | Reached skill level 5 in Fighting
 11197 | D:11     | Found a shattered altar of Ashenzari.
 11241 | D:11     | Gained mutation: You rapidly evolve. [evolution]
 11266 | D:11     | Reached skill level 10 in Axes
 11401 | D:11     | Found a staircase to the Orcish Mines.
 11417 | D:11     | Reached skill level 12 in Shields
 11426 | D:11     | Noticed a hill giant
 11445 | D:11     | Demolished by a hill giant

Action                   |  1- 3 |  4- 6 |  7- 9 | 10-12 || total
-------------------------+-------+-------+-------+-------++-------
Melee: War axe           |   123 |   159 |   441 |   369 ||  1092
Throw: Tomahawk          |       |       |       |    41 ||    41
Invok: Bend Time         |       |     4 |    12 |    33 ||    49
 Abil: Breathe Fire      |       |       |       |    12 ||    12
Evoke: Wand              |       |       |       |     6 ||     6
  Use: Scroll            |       |       |       |    22 ||    22
 Stab: Sleeping          |       |       |     4 |     7 ||    11
  Eat: Chunk             |     1 |     4 |     9 |    20 ||    34
       Beef jerky        |       |       |       |     1 ||     1
